 Dungeon Crawl Stone Soup version 0.18.0-2-g198d6d4 (webtiles) character file.

6 imoen the Insei (level 1, 0/11 HPs)
             Began as a Vine Stalker Monk on May 5, 2016.
             Slain by a hobgoblin
             ... wielding a +0 club
              (6 damage)
             ... on level 2 of the Dungeon.
             The game lasted 00:00:50 (138 turns).

imoen the Insei (Vine Stalker Monk)                  Turns: 138, Time: 00:00:51

Health: 0/11       AC:  2    Str: 13    XL:     1   Next: 90%
Magic:  0/2        EV: 13    Int: 10    God:
Gold:   0          SH:  0    Dex: 16    Spells: 0 memorised, 0 levels left

rFire  . . .     SeeInvis .       - Unarmed
rCold  . . .     Gourm    .     a - +0 robe
rNeg   . . .     Faith    .     (no shield)
rPois  .         Spirit   +     (no helmet)
rElec  .         Dismiss  .     (no cloak)
rCorr  .         Reflect  .     (no gloves)
SustAt .         Harm     .     (no boots)
MR     .....                    (no amulet)
Stlth  ++........               (no ring)
                                (no ring)

@: not resistant to hostile enchantments, unstealthy
A: fangs 2, regeneration 1, magic shield, antimagic bite, no device heal 3, rot
immunity
a: no special abilities


You were on level 2 of the Dungeon.
You were not hungry.

You visited 1 branch of the dungeon, and saw 2 of its levels.

Inventory:

Armour
 a - a +0 robe (worn)
Scrolls
 e - a scroll of teleportation {unknown}
Potions
 c - a potion of haste {unknown}
 d - a potion of brilliance {unknown}
Comestibles
 b - a bread ration


   Skills:
 - Level 2.6 Fighting
 - Level 2.4 Dodging
 - Level 2.4 Stealth
 + Level 4.3 Unarmed Combat


You couldn't memorise any spells.
You didn't know any spells.

Dungeon Overview and Level Annotations

Branches:
Dungeon (2/15)

Altars:


Innate Abilities, Weirdness & Mutations

You have extremely sharp teeth.
Your natural rate of healing is unusually fast.
When hurt, damage is shared between your health and your magic reserves.
Your bite disrupts and absorbs the magic of your enemies.
Potions and wands cannot restore your health.
You are immune to rotting.


Message History

Welcome, imoen the Vine Stalker Monk.
Will you prevail where others failed? Will you find the Orb of Zot?
c - a sapphire potion A hobgoblin comes into view.
A ball python comes into view.
You punch the ball python!
You kill the ball python!
You see here a ball python corpse.
The hobgoblin shouts!
You closely miss the hobgoblin. Your bite misses the hobgoblin.
The hobgoblin closely misses you.
You closely miss the hobgoblin.
You bite the hobgoblin, but do no damage.
The hobgoblin barely misses you.
You barely miss the hobgoblin.
You bite the hobgoblin, but do no damage.
The hobgoblin hits you.
You take 1 damage, and have 10/11 hp.
You now have 1/2 mp.
You hit the hobgoblin.
You kill the hobgoblin!
You see here a hobgoblin corpse.
Health restored: 11 A rat comes into view.
MP restored: 2 The rat bites you but does no damage.
The rat bites you but does no damage.
You hit the rat.
You kill the rat!
d - a lumpy sapphire potion You open the door.
There is an open door here.
e - a scroll labeled HEARYWAVUU
There is a stone staircase leading down here.
You climb downwards.
A rat and a hobgoblin come into view.
The hobgoblin shouts!
There is a stone staircase leading up here.
Unknown command.
The rat bites you but does no damage.
A kobold comes into view. It is wielding a dagger.
You hit the rat.
You kill the rat!
The hobgoblin misses you.
You hit the hobgoblin. You bite the hobgoblin. You drain its power.
The hobgoblin hits you but does no damage.
A hobgoblin comes into view. It is wielding a club.
You closely miss the hobgoblin.
The hobgoblin shouts!
You bite the hobgoblin. You drain its power. The hobgoblin misses you.
You hit the hobgoblin but do no damage. The kobold closely misses you.
The hobgoblin hits you.
You now have 1/2 mp.
Unknown command.
You hit the hobgoblin.
You kill the hobgoblin!
The kobold closely misses you.
You hit the kobold. Your bite misses the kobold. The kobold closely misses you.
You miss the kobold. The kobold hits you but does no damage.
You hit the kobold but do no damage. You bite the kobold. You drain its power.
You feel invigorated. The kobold hits you with a dagger.
You take 1 damage, and have 10/11 hp.
MP restored: 2 You miss the kobold.
You bite the kobold. You drain its power.
You kill the kobold!
You closely miss the hobgoblin. The hobgoblin hits you with a club.
You take 1 damage, and have 9/11 hp.
You now have 1/2 mp.
You closely miss the hobgoblin. You bite the hobgoblin. You drain its power.
You feel invigorated. The hobgoblin hits you with a club.
* * * LOW HITPOINT WARNING * * *
You take 3 damage, and have 6/11 hp.
MASSIVE DAMAGE!!
You closely miss the hobgoblin.
You bite the hobgoblin, but do no damage.
The hobgoblin hits you with a club!
Ouch! That really hurt!
You die...

#.........#
#.........# #
#.....>...#
#.###.........#
.........?..#
#.##.#........#
#.)...<........
##..#...)......
#.....@.......
##.#..g)......
#..#..........
#. ##........#
. #........# #.
.....(.(..
.....<....
#......$...


You could see a hobgoblin.

Vanquished Creatures
  A ball python (D:1)
  2 hobgoblins
  A kobold (D:2)
  2 rats
6 creatures vanquished.

Notes
Turn   | Place    | Note
--------------------------------------------------------------
     0 | D:1      | imoen the Vine Stalker Monk began the quest for the Orb.
     0 | D:1      | Reached XP level 1. HP: 11/11 MP: 2/2
   138 | D:2      | Slain by a hobgoblin

Action                   || total
-------------------------++-------
Melee: Unarmed           ||    18
       Bite              ||     8
Armor: Robe              ||     5
Dodge: Dodged            ||     7

Vault maps used:
D:1:      dpeg_arrival_boxes_within_box
D:2:      lemuel_round_altar, old_standard_altar, uniq_natasha

Table legend:
 A = Turns spent in this place as a percentage of turns spent in the entire game.
 B = Non-inter-level travel turns spent in this place as a percentage of non-inter-level travel turns spent in the entire game.
 C = Inter-level travel turns spent in this place as a percentage of turns spent in this place.
 D = Turns resting spent in this place as a percentage of non-inter-level travel turns spent in this place.
 E = Turns spent auto-exploring this place as a percentage of non-inter-level travel turns spent in this place.
 F = Non-inter-level travel turns spent in this place divided by the number of levels of this place that you've seen.
                   A       B       C       D       E      F
               +-------+-------+-------+-------+-------+----------------------
         Total | 100.0 | 100.0 |   0.0 |   0.0 |   0.0 |  50.5
       Dungeon | 100.0 | 100.0 |   0.0 |   0.0 |   0.0 |  50.5
               +-------+-------+-------+-------+-------+----------------------

Table legend:
 A = Kills in this place as a percentage of kills in entire the game.
 B = Kills by you in this place as a percentage of kills by you in the entire game.
 C = Kills by friends in this place as a percentage of kills by friends in the entire game.
 D = Other kills in this place as a percentage of other kills in the entire game.
 E = Experience gained in this place as a percentage of experience gained in the entire game.
 F = Experience gained in this place divided by the number of levels of this place that you have seen.
                   A       B       C       D       E      F
               +-------+-------+-------+-------+-------+----------------------
         Total | 100.0 | 100.0 |  -nan |  -nan | 100.0 |   4.5
       Dungeon | 100.0 | 100.0 |  -nan |  -nan | 100.0 |   4.5
               +-------+-------+-------+-------+-------+----------------------
